 Dungeon Sprint DCSS version 0.27.1-33-g824d729ab1 (webtiles) character file.

Game seed: 15761309116811833952

694 Adenis the Fighter (level 7, -1/117 HPs)
             Began as a Minotaur Berserker on Dec 4, 2021.
             Was a Priest of Trog.
             Slain by a kobold demonologist (3 damage)
             ... in the Dungeon (Sprint I: "Red Sonja").
             The game lasted 00:01:36 (899 turns).

Adenis the Fighter (Minotaur Berserker)              Turns: 899, Time: 00:01:37

Health: -1/117     AC: -17   Str: 24    XL:     7   Next: 37%
Magic:  6/6        EV: 13    Int:  4    God:    Trog [***...]
Gold:   422        SH:  0    Dex:  9    Spells: 6/6 levels left

rFire    . . .     SeeInvis .   a - +0 hand axe
rCold    . . .     Faith    .   (no shield)
rNeg     . . .     Spirit   .   b - +0 animal skin
rPois    .         Reflect  .   (helmet restricted)
rElec    .         Harm     .   (no cloak)
rCorr    .         Rampage  .   (no gloves)
Will     .....     NoTele   +   (no boots)
Stlth    ..........             (no amulet)
HPRegen  0.29/turn              (no ring)
MPRegen  0.10/turn              (no ring)

@: berserking, corroded, very quick
A: horns 2, retaliatory headbutt
a: Renounce Religion, Berserk, Trog's Hand


You were in the Dungeon.
You worshipped Trog.
Trog was most pleased with you.
You visited 1 branch You collected 422 gold pieces.

Inventory:

Hand Weapons
 a - a +0 hand axe (weapon)
Armour
 b - a +0 animal skin (worn)
Scrolls
 h - a scroll of blinking
 k - a scroll of identify {unknown}
Potions
 c - a potion of curing
 d - a potion of heal wounds
 e - a potion of haste
 f - 2 potions of magic
 g - a potion of berserk rage
 i - a potion of flight {unknown}
 j - a potion of brilliance {unknown}


   Skills:
 + Level 12.4 Fighting
 + Level 12.1 Axes
 + Level 6.8 Armour
 + Level 6.1 Dodging
 + Level 0.9 Stealth


You had 6 spell levels left.
You didn't know any spells.
Your spell library was empty.

Dungeon Overview and Level Annotations

Branches:
Dungeon (1/1)

Altars:
Cheibriados
Dithmenos
Elyvilon
Fedhas
Gozag
Hepliaklqana
Kikubaaqudgha
Makhleb
Nemelex Xobeh
Okawaru
Qazlal
Ru
Sif Muna
Trog
Uskayaw
Vehumet
Wu Jian
Xom
Yredelemnul
Zin
The Shining One
Jiyva
Lugonu

Shops:
D *


Innate Abilities, Weirdness & Mutations

You have a pair of horns on your head.
You reflexively headbutt those who attack you in melee.


Message History

You hit the kobold demonologist.
Your headbutt misses the kobold demonologist.
The kobold demonologist is lightly wounded.
You closely miss the rust devil.
The kobold demonologist closely misses you.
The smoke demon gestures at you. Something smites you!
* * * LOW HITPOINT WARNING * * *
You barely miss the kobold demonologist.
The kobold demonologist is lightly wounded.
You hit the rust devil but do no damage.
The rust devil closely misses you.
You hit the kobold demonologist but do no damage.
You headbutt the kobold demonologist.
The kobold demonologist is moderately wounded.
You hit the rust devil but do no damage.
The kobold demonologist barely misses you.
You slash the kobold demonologist! You headbutt the kobold demonologist!
The kobold demonologist is severely wounded.
You barely miss the rust devil. The rust devil hits you!
* * * LOW HITPOINT WARNING * * *
The rust devil corrodes you!
You completely miss the kobold demonologist.
The kobold demonologist is severely wounded.
You closely miss the rust devil.
The kobold demonologist hits you with a +0 dagger.
* * * LOW HITPOINT WARNING * * *
You hit the kobold demonologist but do no damage.
Your headbutt misses the kobold demonologist.
The kobold demonologist is severely wounded.
You hit the rust devil but do no damage.
The rust devil hits you!
* * * LOW HITPOINT WARNING * * *
The rust devil corrodes you!
You hit the kobold demonologist but do no damage.
You headbutt the kobold demonologist!
The kobold demonologist is almost dead.
You barely miss the rust devil.
The crimson imp blinks!
The kobold demonologist hits you with a +0 dagger.
You die...

#####################
.)..#.)'..#__#..@K§5#
.#..'..#..'^.'..#43.#
###'#####'#__####K55+
##..#...#.#### ####
_####..##.#§§
____##'#_.+§§
.∩...'..._#§≈≈.c#
..__##_.#'# +####
____###+#.#


You could see a rust devil (summoned), 2 kobold demonologists, a smoke demon
(summoned), 2 iron imps and a crimson imp (summoned).

Vanquished Creatures
  A slime creature (D)
  Sigmund (D)
  A yak (D)
  A floating eye (D)
  An ogre (D)
  A jelly (D)
  Ijyb (D)
7 creatures vanquished.

Notes
Turn   | Place    | Note
-------+----------+-------------------------------------------
     0 | D        | Adenis the Minotaur Berserker began the quest for the Orb.
     0 | D        | Reached XP level 1. HP: 19/19 MP: 0/0
     2 | D        | Noticed Ijyb
     8 | D        | Killed Ijyb
     9 | D        | Reached skill level 5 in Fighting
     9 | D        | Reached skill level 5 in Axes
     9 | D        | Reached XP level 2. HP: 30/30 MP: 1/1
   153 | D        | Noticed an ogre
   158 | D        | Killed an ogre
   159 | D        | Reached XP level 3. HP: 35/40 MP: 2/2
   159 | D        | Reached XP level 4. HP: 42/48 MP: 3/3
   434 | D        | Noticed Sigmund
   439 | D        | Killed Sigmund
   439 | D        | Reached ** piety under Trog
   440 | D        | Reached skill level 10 in Fighting
   440 | D        | Reached skill level 5 in Armour
   440 | D        | Reached XP level 5. HP: 58/58 MP: 4/4
   440 | D        | Reached XP level 6. HP: 66/66 MP: 5/5
   506 | D        | Found a burning altar of Makhleb.
   506 | D        | Found a viscous altar of Jiyva.
   506 | D        | Found a shimmering altar of Xom.
   506 | D        | Found a corrupted altar of Lugonu.
   506 | D        | Noticed a slime creature
   511 | D        | Killed a slime creature
   512 | D        | Reached skill level 5 in Dodging
   582 | D        | Found an ornate altar of the Wu Jian Council.
   582 | D        | Found a shimmering blue altar of Sif Muna.
   584 | D        | Found a radiant altar of Vehumet.
   617 | D        | Found Ozaes's General Store.
   617 | D        | Found an ancient bone altar of Kikubaaqudgha.
   617 | D        | Found a hazy altar of Hepliaklqana.
   617 | D        | Found a stormy altar of Qazlal.
   617 | D        | Found a hide-covered altar of Uskayaw.
   617 | D        | Found a blossoming altar of Fedhas.
   617 | D        | Found a bloodstained altar of Trog.
   617 | D        | Found an iron altar of Okawaru.
   617 | D        | Found a basalt altar of Yredelemnul.
   617 | D        | Found a glowing golden altar of the Shining One.
   617 | D        | Found a snail-covered altar of Cheibriados.
   617 | D        | Found a sacrificial altar of Ru.
   617 | D        | Found a glowing silver altar of Zin.
   617 | D        | Found a shadowy altar of Dithmenos.
   617 | D        | Found a white marble altar of Elyvilon.
   617 | D        | Noticed a yak
   623 | D        | Killed a yak
   623 | D        | Reached *** piety under Trog
   624 | D        | Reached XP level 7. HP: 77/77 MP: 6/6
   624 | D        | Found an opulent altar of Gozag.
   625 | D        | Found a sparkling altar of Nemelex Xobeh.
   855 | D        | Noticed a centaur warrior
   881 | D        | Noticed a kobold demonologist
   881 | D        | Noticed a kobold demonologist
   882 | D        | Noticed a rust devil
   883 | D        | Paralysed by a floating eye for 2 turns
   884 | D        | Noticed a smoke demon
   898 | D        | HP: 2/117 [rust devil[a kobold demonologist] (9)]
   899 | D        | Slain by a kobold demonologist

Illustrated notes

Levels and vault maps discovered:
D:        dungeon_sprint_1 [red_sonja_temple_1, red_sonja_temple_small_1]

Skill      XL: |  1  2  3  4  5  6  7 |
---------------+----------------------+-----
Fighting       | 5 7 10 12 | 12.4
Axes           | 5 7 9 11 12 | 12.1
Armour         | 3 4 5 6 |  6.8
Dodging        | 3 4 5 6 |  6.1
Stealth        | |  0.9

Action                   |  1- 3 |  4- 6 |  7- 9 || total
-------------------------+-------+-------+-------++-------
Melee: Hand axe          |     9 |    14 |    14 ||    37
       Headbutt          |     1 |     4 |     6 ||    11
Invok: Berserk           |     2 |     3 |     1 ||     6
Armor: Animal skin       |       |     2 |       ||     2
Dodge: Dodged            |     2 |     3 |     6 ||    11
